Map: Ever Dream LE

Players

Zaechus - Winner!

  • Race: Terran Terran
  • League: Diamond
  • Spawn Location: 1:00

RuCoMa

  • Race: Zerg Zerg
  • League: Diamond
  • Spawn Location: 7:00

VOD

Have the link to the VOD?

Description

Time

  • Played on: Aug. 3, 2020, 8:12 p.m.
  • Length: 6:36
Show
View Real Time Build Order
Export as new Build Order

Zaechus Terran - Winner!

Build Orders: Command Center First (CC) 

Get SALT Encoding   

  12  0:00  SCV  
  13  0:12  SCV  
  14  0:17  Supply Depot  
  14  0:24  SCV  
  15  0:38  SCV  
  16  0:51  SCV  
  17  1:02  Command Center  
  17  1:03  SCV  
  18  1:15  SCV  
  19  1:19  Barracks  
  19  1:28  SCV  
  19  1:32  Barracks  
  20  1:39  Refinery  
  20  1:41  SCV  
  21  1:53  SCV  
  22  1:54  Refinery  
  23  2:13  Orbital Command, Marine  
  23  2:15  Orbital Command  
  23  2:22  Marine  
  24  2:31  Marine  
  24  2:33  Bunker, Orbital Command  
  25  2:39  SCV  
  26  2:52  SCV, Factory  
  26  2:58  Barracks Reactor  
  27  2:59  Barracks Tech Lab  
  27  3:04  Supply Depot  
  27  3:06  SCV x2  
  29  3:18  SCV x2  
  31  3:25  Barracks  
  31  3:27  Supply Depot  
  31  3:30  SCV x2  
  31  3:31  Marauder  
  35  3:41  Barracks Reactor  
  35  3:42  SCV x2  
  35  3:45  Engineering Bay  
  37  3:54  SCV x2  
  39  3:57  Stimpack  
  39  3:58  Hellion x2  
  39  4:00  Marauder  
  45  4:06  SCV  
  45  4:07  SCV  
  47  4:13  Barracks Tech Lab  
  47  4:19  Armory  
  47  4:20  Terran Infantry Weapons Level 1, Hellion x2  
  52  4:24  SCV x2  
  52  4:27  Marine  
  54  4:34  Supply Depot x2  
  54  4:55  Marine x2  
  54  4:56  Marauder x2  
  60  5:06  Hellbat x2  
  64  5:13  Marine x2  
  66  5:17  Marauder x2  
  70  5:24  Supply Depot x2  
  70  5:27  Hellbat x2  
  74  5:31  Marine x2  
  76  5:37  Concussive Shells  
  76  5:38  Marauder  
  76  5:39  Marauder  
  80  5:48  Hellbat  
  80  5:49  Hellbat, Marine x2  
  86  5:51  Supply Depot  
  86  5:52  Supply Depot  
  86  6:00  Marauder x2  
  82  6:10  Hellbat x2  
  82  6:11  Marine x2  
Show
View Real Time Build Order
Export as new Build Order

RuCoMa Zerg 

Build Orders: Hatch First 

Get SALT Encoding   

  12  0:02  Drone  
  13  0:08  Drone  
  14  0:15  Drone, Extractor  
  15  0:22  Overlord  
  15  0:41  Drone  
  16  0:50  Hatchery  
  15  0:59  Drone x2  
  15  1:03  Drone  
  18  1:10  Drone  
  19  1:27  Spawning Pool  
  19  1:29  Extractor  
  19  1:30  Extractor  
  19  1:32  Drone x2  
  18  1:42  Overlord  
  18  1:59  Drone  
  19  2:18  Zergling x6  
  19  2:19  Zergling x2  
  19  2:21  Queen  
  25  2:25  Queen  
  25  2:29  Metabolic Boost  
  27  2:44  Drone x4  
  30  2:48  Drone  
  30  2:50  Drone  
  33  2:57  Overlord  
  33  3:16  Roach Warren  
  33  3:19  Lair  
  32  3:33  Drone  
  32  3:34  Spore Crawler, Drone x4  
  36  3:38  Drone  
  37  3:41  Spore Crawler  
  37  3:45  Pneumatized Carapace  
  37  3:48  Drone  
  37  3:58  Overlord  
  37  4:08  Hatchery  
  36  4:16  Drone x3  
  39  4:20  Drone  
  39  4:21  Evolution Chamber  
  39  4:27  Overlord  
  39  4:30  Drone x2  
  41  4:40  Baneling Nest  
  40  4:48  Zergling x10  
  45  5:04  Drone x3  
  45  5:05  Overlord  
  45  5:06  Extractor  
  47  5:10  Extractor  
  46  5:17  Overseer  
  46  5:27  Baneling  
  46  5:28  Baneling x6  
  45  5:32  Zergling x2  
  45  5:33  Zergling x12  
  52  5:39  Baneling  
  52  5:40  Baneling  
  52  5:41  Zergling x2  
  52  5:42  Zergling x2  
  49  6:07  Zergling x10  
  49  6:11  Zergling x8  
Tags
 
Add a new tag
Caveats
  • Supply blocks, unpowered buildings, or Contaminate may cause inaccurate times.
  • Supply counts are checked every 10 seconds.